 Dungeon Crawl Stone Soup version 0.27-a0-25-g087482e4d5 (webtiles) character file.

Game seed: 3174106602600236649

14 DocSulfur the Ruffian (level 2, 23/23 HPs)
             Began as a Draconian Transmuter on Jan 3, 2021.
             Quit the game on level 1 of the Dungeon.
             The game lasted 00:04:26 (347 turns).

DocSulfur the Ruffian (Draconian Transmuter)         Turns: 347, Time: 00:04:27

Health: 23/23      AC:  4    Str: 12    XL:     2   Next: 31%
Magic:  5/5        EV: 12    Int: 13    God:
Gold:   34         SH:  0    Dex: 11    Spells: 4/5 levels left

rFire    . . .     SeeInvis .     - Unarmed
rCold    . . .     Faith    .   (no shield)
rNeg     . . .     Spirit   .   (armour unavailable)
rPois    .         Reflect  .   (helmet restricted)
rElec    .         Harm     .   (no cloak)
rCorr    .         Rampage  .   (no gloves)
Will     .....                  (no boots)
Stlth    +.........             (no amulet)
HPRegen  0.07/turn              (no ring)
MPRegen  0.09/turn              (no ring)

@: no status effects
A: unfitting armour, cold-blooded, AC +4
a: no special abilities


You were on level 1 of the Dungeon.
You visited 1 branch of the dungeon, and saw 1 of its levels.

You collected 34 gold pieces.

Inventory:

Scrolls
 a - 2 scrolls of identify {unknown}
 b - a scroll of enchant weapon {unknown}
 c - 2 scrolls of remove curse {unknown}
 d - a scroll of magic mapping {unknown}
Potions
 e - a potion of haste {unknown}
 f - a potion of cancellation {unknown}


   Skills:
 + Level 1.1 Fighting
 + Level 1.8 Dodging
 + Level 3.3 Unarmed Combat
 + Level 2.2 Spellcasting
 + Level 2.2 Transmutations


You had 4 spell levels left.
You knew the following spells:

 Your Spells              Type           Power        Failure   Level
a - Beastly Appendage     Tmut           14%          10%         1

Your spell library contained the following spells:

 Spells                   Type           Power        Failure   Level
 Wereblood                Tmut           7%           16%         2
 Spider Form              Tmut/Pois      2%           43%         3
 Ice Form                 Ice/Tmut       4%           83%         4
 Blade Hands              Tmut           3%           95%         5


Dungeon Overview and Level Annotations

Branches:
Dungeon (1/15)

Altars:


Innate Abilities, Weirdness & Mutations

Your plain brown scales are hard. (AC +4)
You cannot fit into any form of body armour.
You are cold-blooded and may be slowed by cold attacks.


Message History

The goblin hits you with a +0 dagger.
You closely miss the goblin. Your kick misses the goblin.
Your tail-slap misses the goblin.
The goblin is severely wounded.
You hit the goblin.
You kill the goblin!
Things that are here:
a +0 dagger; a goblin corpse
Found 10 gold pieces and a scroll labelled VIOPEGYIHAO.
Found 15 gold pieces.
Your horns disappear.
Your talons disappear.
You now have 19 gold pieces (gained 10).
a - 2 scrolls labelled VIOPEGYIHAO (gained 1)
You now have 34 gold pieces (gained 15).
Save game and exit?
Welcome back, DocSulfur the Draconian Transmuter.
Press ? for a list of commands and other information.
Welcome back, DocSulfur the Draconian Transmuter.
Press ? for a list of commands and other information.
Are you sure you want to abandon this character and quit the game? (Confirm with "yes".)

##....).......######### #.
#.##.#.#.......# #########
#.##.#.#####.#.# #........
#.##.#.# ##.#.# #.#######
#.##.#.# #....# #.# #.##.#..
#..######.#
..##.##.###..##...#.# #####
#.##................###....
#.........@.......).##...##
######.###.#...........#.#
#.# #.#.............. #.#
#.##.....####.### #######.#
#.###...## ##...
######.......# #.# #####
##.###
#.#.8#.#####.###.##########.#
# #(.#'#†# #..).............#
#<.#'..# ################.##
#


There were no monsters in sight!

Vanquished Creatures
  3 goblins (D:1)
  4 hobgoblins (D:1)
  A bat (D:1)
  A kobold (D:1)
  5 rats (D:1)
14 creatures vanquished.

Notes
Turn   | Place    | Note
-------+----------+-------------------------------------------
     0 | D:1      | DocSulfur the Draconian Transmuter began the quest for the
                  | Orb.
     0 | D:1      | Reached XP level 1. HP: 16/16 MP: 3/3
   193 | D:1      | Reached XP level 2. HP: 23/23 MP: 3/5
   347 | D:1      | Quit the game

Illustrated notes

Levels and vault maps discovered:
D:1:      saegor_arrival_simple_c, layout_loops_ring

Action                   || total
-------------------------++-------
Melee: Unarmed           ||    27
       Tailslap          ||     3
       Kick              ||     2
       Headbutt          ||     2
 Cast: Beastly Appendage ||    13
 Stab: Sleeping          ||     1
Armor: Skin              ||     3
Dodge: Dodged            ||    13

Table legend: (Time is in decaauts)
 A = Elapsed time spent in this place.
 B = Non-inter-level travel time spent in this place.
 C = Inter-level travel time spent in this place.
 D = Time resting spent in this place.
 E = Time spent auto-exploring this place.
 F = Levels seen in this place.
 G = Mean time per level.
                   A        B        C        D        E       F      G
               +--------+--------+--------+--------+--------+-----+--------+
         Total |    345 |    345 |      0 |      0 |    111 |   1 |  345.0 |
       Dungeon |    345 |    345 |      0 |      0 |    111 |   1 |  345.0 |
               +--------+--------+--------+--------+--------+-----+--------+

Top non-repeatable levels by time:
     D:1: 345 daAuts
